 Dungeon Crawl Stone Soup version 0.21.1-1-g345015f (webtiles) character file.

256 Mesmaeker13 the Covered (level 6, -3/47 HPs)
             Began as a Formicid Wanderer on Apr 4, 2018.
             Slain by an ogre
             ... wielding a +0 giant club
              (4 damage)
             ... on level 5 of the Dungeon.
             The game lasted 00:07:59 (5330 turns).

Mesmaeker13 the Covered (Formicid Wanderer)         Turns: 5330, Time: 00:08:01

Health: -3/47      AC: 13    Str: 17    XL:     6   Next: 38%
Magic:  16/18      EV:  5    Int: 13    God:
Gold:   217        SH:  0    Dex: 10    Spells: 9/9 levels left

rFire    . . .     SeeInvis +   t - +0 glaive
rCold    . . .     Gourm    .   (no shield)
rNeg     . . .     Faith    .   p - +1 plate armour
rPois    +         Spirit   .   (helmet unavailable)
rElec    .         Reflect  .   (no cloak)
rCorr    .         Harm     .   (no gloves)
MR       .....                  w - +0 pair of boots
Stlth    ..........             (no amulet)
HPRegen  0.15/turn              d - ring of poison resistance
MPRegen  0.16/turn              i - ring of magical power

@: no status effects
A: permanent stasis, dig shafts and tunnels, four strong arms, antennae 3
a: Dig, Shaft Self


You were on level 5 of the Dungeon.
You were not hungry.

You visited 1 branch of the dungeon, and saw 5 of its levels.

You collected 217 gold pieces.

Inventory:

Hand Weapons
 t - a +0 glaive (weapon)
Missiles
 o - 51 arrows
 x - 7 tomahawks (quivered)
Armour
 c - a +0 shield
 p - a +1 plate armour (worn)
 w - a +0 pair of boots (worn)
Jewellery
 d - a ring of poison resistance (left hand)
 i - a ring of magical power (right hand)
Wands
 q - a wand of flame (11)
 s - a wand of digging (17)
 v - a wand of iceblast (3)
Scrolls
 g - 2 scrolls of remove curse
 h - 2 scrolls of amnesia
 k - a scroll of fear {unknown}
 n - 3 scrolls of enchant armour
 y - a scroll of noise {unknown}
Potions
 b - a potion of haste {unknown}
 e - a potion of might {unknown}
 j - 3 potions of invisibility
 l - 2 potions of magic
 m - 2 potions of agility
 r - a potion of curing {unknown}
 z - 2 potions of mutation
Books
 a - a book of Changes

   Spells                             Type                      Level
   a - Beastly Appendage              Transmutation                1
   b - Sticks to Snakes               Transmutation                2
   c - Spider Form                    Transmutation/Poison         3
   d - Ice Form                       Ice/Transmutation            4
   e - Blade Hands                    Transmutation                5
Comestibles
 f - 5 rations


   Skills:
 - Level 3.0 Fighting
   Level 0.8(2.0) Axes
 * Level 2.9(3.0) Polearms
 + Level 3.4 Armour
 - Level 1.0 Dodging
 - Level 2.4 Stealth
 + Level 2.7 Shields
 - Level 2.1 Spellcasting
   Level 3.2 Transmutations


You had 9 spell levels left.
You didn't know any spells.

Dungeon Overview and Level Annotations

Branches:
Dungeon (5/15)
 Temple: D:4-7

Altars:
Ashenzari
Ru

Annotations:
D:4 HammerPanzer's ghost, amateur DrBe


Innate Abilities, Weirdness & Mutations

You cannot be hasted, slowed, berserked, paralysed or teleported.
You can dig through walls and to a lower floor.
Your four strong arms can wield two-handed weapons with a shield.
You have a pair of large antennae on your head. (SInv)


Message History

You slash the howler monkey skeleton!
You destroy the howler monkey skeleton!
Okay, then.
You slash the ogre!
The ogre is moderately wounded.
The ogre hits you with a giant club!
You slash the ogre!
The ogre is severely wounded.
The ogre hits you with a giant club! The ogre hits you with a giant club.
Your plate armour prevents you from hitting the ogre.
The ogre is severely wounded.
The ogre barely misses you.
Your plate armour prevents you from hitting the ogre.
The ogre is severely wounded.
The ogre hits you with a giant club!!
* * * LOW HITPOINT WARNING * * *
You hit the ogre.
The ogre is almost dead.
The ogre hits you with a giant club.
You die...

#..#
#.......#
{ ...#
#.<####.#
.........#
#.#
#.#.####.#
#.#
.##.####.#
#.# #.#.#
#.# #..#
#.#
#.####.#
##.O@..#
#.######
#...#
#.#.#.#
#........
#. ### ###
#. #


You could see an ogre.

Vanquished Creatures
  An orc wizard (D:4)
  A gnoll shaman (D:3)
  Ijyb (D:4)
  4 gnolls
  4 adders
  A howler monkey skeleton (D:5)
  5 worms
  A dart slug (D:1)
  3 leopard geckos
  5 orcs
  5 bats (D:1)
  7 giant cockroaches
  9 goblins
  4 hobgoblins
  A jackal (D:1)
  4 kobolds
  A quokka (D:2)
  4 frilled lizards
  A jackal skeleton (D:4)
  7 rats
  A plant (D:3)
70 creatures vanquished.

Notes
Turn   | Place    | Note
-------+----------+-------------------------------------------
     0 | D:1      | Mesmaeker13 the Formicid Wanderer began the quest for the Orb.
     0 | D:1      | Mesmaeker13 set off with: a book of Changes, a potion of lignification, a +0 robe, a +0 club, a +0 dagger, a ration
     0 | D:1      | Reached XP level 1. HP: 15/15 MP: 3/3
   410 | D:1      | Reached skill level 1 in Armour
   410 | D:1      | Reached XP level 2. HP: 21/21 MP: 5/5
  1321 | D:1      | Reached XP level 3. HP: 22/27 MP: 6/6
  2382 | D:2      | Found a shattered altar of Ashenzari.
  2898 | D:3      | Reached XP level 4. HP: 34/34 MP: 7/7
  3275 | D:3      | Found a sacrificial altar of Ru.
  3537 | D:4      | Noticed HammerPanzer's ghost (amateur DrBe)
  3686 | D:2      | Reached skill level 1 in Polearms
  3824 | D:4      | Noticed Ijyb
  3847 | D:4      | Killed Ijyb
  3847 | D:4      | Reached XP level 5. HP: 38/41 MP: 8/8
  4073 | D:3      | Reached XP level 6. HP: 9/47 MP: 9/9
  5225 | D:5      | Entered Level 5 of the Dungeon
  5316 | D:5      | Noticed an ogre
  5329 | D:5      | HP: 1/47 [ogre/giant club (19)]
  5330 | D:5      | Slain by an ogre

Skill      XL: |  1  2  3  4  5 |
---------------+----------------+-----
Armour         | 1 2 3 |  3.4
Fighting       | 2 3 |  3.0
Polearms       | 1 2 |  2.9
Shields        | 2 |  2.7
Axes           | |  0.8
Dodging        | |  1.0
Stealth        | |  2.4
Spellcasting   | |  2.1
Transmutations | |  3.2

Action                   |  1- 3 |  4- 6 || total
-------------------------+-------+-------++-------
Melee: Club              |   168 |       ||   168
       Hand axe          |    34 |     7 ||    41
       Glaive            |       |   235 ||   235
Evoke: Wand              |       |     5 ||     5
  Use: Potion            |     1 |     1 ||     2
       Scroll            |     2 |     6 ||     8
 Stab: Sleeping          |     2 |       ||     2
       Invisible         |       |     1 ||     1
  Eat: Chunk             |     6 |     9 ||    15
Armor: Robe              |    14 |       ||    14
       Skin              |    13 |       ||    13
       Plate armour      |   123 |   179 ||   302
Dodge: Dodged            |    77 |    48 ||   125
Block: Shield            |       |    86 ||    86
